 Dungeon Crawl Stone Soup version 0.29-a0-668-g12ee2bf84d (webtiles) character file.

Game seed: 13792905554234722516

20489 dolemite99 the Bludgeoner (level 12, -2/104 HPs)
             Began as a Hill Orc Chaos Knight on June 24, 2022.
             Was a Plaything of Xom.
             Slain by an eight-headed hydra (10 damage)
             ... on level 2 of the Lair of Beasts.
             The game lasted 00:26:58 (17408 turns).

dolemite99 the Bludgeoner (Hill Orc Chaos Knight)  Turns: 17408, Time: 00:26:59

Health: -2/104     AC: 15    Str: 19      XL:     12   Next: 80%
Magic:  12/12      EV: 10    Int: 15 (16) God:    Xom [....*.]
Gold:   250        SH:  0    Dex:  9      Spells: 11/11 levels left

rFire   . . .      SeeInvis +   a - +7 dire flail (holy)
rCold   . . .      Faith    +   (shield currently unavailable)
rNeg    . . .      Spirit   .   y - +5 plate armour
rPois   +          Reflect  .   (helmet restricted)
rElec   .          Harm     .   (no cloak)
rCorr   .          Rampage  .   e - +1 pair of gloves
Will    .....      Clarity  +   (no boots)
Stlth   ..........              B - amulet of faith
HPRegen 0.27/turn               c - ring of poison resistance {=R}
MPRegen 0.13/turn               j - +4 ring of evasion

@: no status effects
A: horns 1, thin skeletal structure 1, see invisible, clarity, clever 1, clumsy
1, deformed body, deterioration 1, evolution 2
a: Renounce Religion


You were on level 2 of the Lair of Beasts.
You worshipped Xom.
You were a beloved toy of Xom.
You visited 3 branches of the dungeon, and saw 14 of its levels.
You visited 1 bazaar.

You collected 1478 gold pieces.
You spent 1228 gold pieces at shops.

Inventory:

Hand Weapons
 a - a +7 dire flail of holy wrath (weapon)
 b - the +7 mace of Variability {chain chaos}
   (You found it on level 9 of the Dungeon)

   Each time it hits an enemy it has a different, random effect.
   It occasionally unleashes arcs of chaos on nearby creatures upon striking a
   foe.
 f - a +0 broad axe
 C - a +1 spear of venom
 H - a +1 flail of protection
 J - a +4 spear of flaming
 O - a +5 war axe of freezing
 P - a +0 hand crossbow
Missiles
 d - 101 stones
 k - 6 atropa-tipped darts
 m - 14 boomerangs
 I - 4 poisoned darts
 Y - 2 curare-tipped darts
Armour
 e - a +1 pair of gloves (worn)
 s - +0 swamp dragon scales
 t - a +0 tower shield
 u - the +1 Delatra's gloves {ID++}
   (You found it on level 3 of the Dungeon)

   It heals its wearer when they drink unknown potions.
   It restores its wearer's MP when they read unknown scrolls.
 y - a +5 plate armour (worn)
 T - a +1 hat
Magical Staves
 l - a staff of cold
 x - a staff of death
 F - a staff of air
Jewellery
 c - a ring of poison resistance (left hand) {=R}
 j - a +4 ring of evasion (right hand)
 o - a ring of willpower
 r - a ring of protection from fire
 B - an amulet of faith (around neck)
 G - a ring of protection from cold
 S - a ring of resist corrosion
Wands
 g - a wand of digging (6)
 q - a wand of polymorph (6)
 A - a wand of charming (19)
Scrolls
 h - a scroll of fear
 w - 3 scrolls of magic mapping
 D - 5 scrolls of silence
 E - 9 scrolls of teleportation
 M - 3 scrolls of fog
 U - 2 scrolls of amnesia
 Z - a scroll of poison
Potions
 i - 3 potions of mutation
 n - 5 potions of attraction
 p - 2 potions of haste
 z - 4 potions of lignification
 L - 2 potions of brilliance
 N - a potion of flight {unknown}
 V - 4 potions of curing
 W - a potion of berserk rage
 X - a potion of cancellation
Miscellaneous
 K - a piece from Xom's chessboard (15/15)


   Skills:
 - Level 9.0 Fighting
 - Level 7.1(15.6) Axes
 - Level 17.0(17.4) Maces & Flails
 - Level 6.9(8.0) Polearms
 + Level 6.1 Armour
 - Level 0.7 Dodging
 - Level 11.1 Evocations


You had 11 spell levels left.
You didn't know any spells.
Your spell library contained the following spells:

 Spells                   Type           Power      Damage    Failure   Level
 Shock                    Conj/Air       0%         1d3       100%        1
 Confusing Touch          Hex            0%         N/A       100%        3
 Portal Projectile        Hex/Tloc       0%         N/A       100%        3
 Swiftness                Air            0%         N/A       100%        3
 Tukima's Dance           Hex            0%         N/A       100%        3
 Airstrike                Air            0%         N/A       100%        4
 Animate Dead             Necr           0%         N/A       100%        4
 Hailstorm                Conj/Ice       0%         3d3       100%        4
 Ice Form                 Ice/Tmut       0%         N/A       100%        4
 Blade Hands              Tmut           0%         N/A       100%        5
 Borgnjor's Vile Clutch   Necr/Erth      0%         N/A       100%        5
 Yara's Violent Unravell  Hex/Tmut       0%         3d3       100%        5
 Death Channel            Necr           0%         N/A       100%        6
 Simulacrum               Ice/Necr       0%         N/A       100%        6
 Enfeeble                 Hex            0%         N/A       100%        7


Dungeon Overview and Level Annotations

Branches:
Dungeon (11/15)            Temple (1/1) D:6            Lair (2/6) D:10
    Orc (0/2) D:9
  Swamp: Lair:2-4    Shoals: Lair:2-4     Snake: Lair:2-4    Spider: Lair:2-4

Altars:
Ashenzari
Cheibriados
Dithmenos
Elyvilon
Fedhas
Gozag
Hepliaklqana
Kikubaaqudgha
Makhleb
Nemelex Xobeh
Okawaru
Qazlal
Ru
Sif Muna
Trog
Uskayaw
Vehumet
Wu Jian
Xom
Yredelemnul
Zin
The Shining One

Shops:
D:1 ?


Innate Abilities, Weirdness & Mutations

You have a pair of small horns on your head.
You have a somewhat thin skeletal structure. (Dex +2, Stealth+)
You have supernaturally acute eyesight. (SInv)
You possess an exceptional clarity of mind.
Your mind is acute. (Int +4, Str/Dex-1)
You are clumsy. (Dex -2)
Armour fits poorly on your strangely shaped body.
Your body sometimes deteriorates upon taking damage.
You have great hidden genetic potential.


Message History

Okay, then.
You impale the eight-headed hydra!!
Your headbutt misses the eight-headed hydra.
The eight-headed hydra is moderately wounded.
The eight-headed hydra bites you. x3; The eight-headed hydra bites you!
Your body deteriorates!
You feel dopey.
The eight-headed hydra bites you but does no damage.
The eight-headed hydra barely misses you.
The eight-headed hydra bites you!
The eight-headed hydra closely misses you.
You sock the eight-headed hydra!
The eight-headed hydra is heavily wounded.
You hit the eight-headed hydra.
The eight-headed hydra is severely wounded.
The eight-headed hydra bites you but does no damage. x4
The eight-headed hydra bites you. x2; The eight-headed hydra bites you!
The eight-headed hydra bites you but does no damage.
You barely miss the eight-headed hydra.
The eight-headed hydra is severely wounded.
You hear Xom's avuncular chuckle.
The eight-headed hydra is moving more slowly.
You hit the eight-headed hydra.
The eight-headed hydra is severely wounded.
The eight-headed hydra bites you but does no damage.
The eight-headed hydra misses you. The eight-headed hydra bites you! x2
The eight-headed hydra bites you but does no damage. x2
The eight-headed hydra bites you. x2
You sock the eight-headed hydra!
The eight-headed hydra is severely wounded.
The eight-headed hydra barely misses you.
The eight-headed hydra bites you.
* * * LOW HITPOINT WARNING * * *
The eight-headed hydra bites you!
* * * LOW HITPOINT WARNING * * *
The eight-headed hydra bites you!
* * * LOW HITPOINT WARNING * * *
The eight-headed hydra bites you but does no damage.
The eight-headed hydra bites you!
You die...
Xom howls with laughter!

#..# #.# ###..
##.## .?.. #...#
##... ##.##
#.... #.#
####... #.#
....)..### ##.#
......D#.####..#
...=..l@.......#
##.#...........#
#.##.#.P####.# #
#..#### #.P# #..
#.## P.. #.#
#.P. #.# ###. ..


You could see an eight-headed hydra (petrifying) and a basilisk.

Vanquished Creatures
  Snorg (D:11)
  A boulder beetle (D:11)
  2 two-headed ogres (D:11)
  Pikel (D:6)
  A manticore (D:8)
  A black mamba (Lair:1)
  3 cane toads (Lair:1)
  A gargoyle (D:11)
  Maggie (Lair:1)
  3 komodo dragons
  2 rime drakes
  2 polar bears (Lair:1)
  A hornet (D:10)
  8 blink frogs (Lair:1)
  18 yaks
  2 vampires
  5 wyverns
  5 humans
  2 basilisks (D:10)
  A steam dragon (D:7)
  4 chaos spawn (D:9)
  Edmund (D:5)
  4 acid dragons
  3 water moccasins
  5 orc warriors (D:9)
  3 sky beasts
  5 ice beasts
  2 ogres
  3 centaurs
  A phantom (D:5)
  2 kobold brigands
  4 bullfrogs
  A gnoll sergeant (D:8)
  4 necrophages
  5 scorpions
  7 wights
  3 killer bees (D:8)
  5 howler monkeys
  3 hounds
  4 orc priests (D:9)
  2 jellies
  A gnoll shaman (D:7)
  3 iguanas
  8 orc wizards
  9 gnolls
  17 adders
  A shadow imp (D:4)
  4 ufetubi
  A worm (D:2)
  5 dart slugs
  33 orcs
  3 bats
  12 endoplasms
  6 goblins
  5 hobgoblins
  4 jackals (D:3)
  10 kobolds
  3 quokkas
  6 ball pythons
  5 frilled lizards
  7 rats
275 creatures vanquished.

Vanquished Creatures (collateral kills)
  2 two-headed ogres
  A black mamba (Lair:2)
  A blink frog (Lair:1)
  A yak (D:8)
  A vampire mosquito (D:8)
  An orc warrior (D:10)
  A howler monkey (D:10)
  A gnoll (D:5)
  A white imp (D:8)
10 creatures vanquished.

Vanquished Creatures (others)
  A kobold brigand (D:8)
  A wight (D:8)
  2 gnolls (D:8)
  2 kobolds (D:8)
  8 fungi
  4 plants
18 creatures vanquished.

Grand Total: 303 creatures vanquished

Notes
Turn   | Place    | Note
-------+----------+-------------------------------------------
     0 | D:1      | dolemite99 the Hill Orc Chaos Knight began the quest for
                  | the Orb.
     0 | D:1      | Reached XP level 1. HP: 19/19 MP: 1/1
   269 | D:1      | Reached XP level 2. HP: 26/26 MP: 2/2
   445 | D:1      | Found Qunteod's Magic Scroll Emporium.
   451 | D:1      | Reached skill level 5 in Axes
   473 | D:1      | Bought a scroll of identify for 22 gold pieces
   473 | D:1      | Bought a scroll of fear for 38 gold pieces
   476 | D:1      | XOM: silly message
  1062 | D:1      | Reached XP level 3. HP: 31/31 MP: 3/3
  1253 | D:1      | Bought a scroll of magic mapping for 38 gold pieces
  1529 | D:1      | XOM: god gift: 52 gold pieces
  1806 | D:2      | Reached XP level 4. HP: 35/39 MP: 4/4
  1898 | D:2      | Found an ancient bone altar of Kikubaaqudgha.
  1898 | D:2      | XOM: 4-stop teleportation journey
  2209 | D:3      | Found a faded altar of an unknown god.
  2787 | D:2      | XOM: god gift: scroll labelled LIUVUENLOVOEG {god gift}
  2998 | D:2      | XOM: cloud trail
  3015 | D:3      | Reached skill level 1 in Polearms
  3015 | D:3      | Reached XP level 5. HP: 42/45 MP: 5/5
  3126 | D:3      | Found the +1 Delatra's gloves {ID++}
  3281 | D:3      | XOM: god gift: long iron wand {god gift}
  3620 | D:4      | XOM: summons 1 hostile demon
  3723 | D:4      | Reached XP level 6. HP: 38/51 MP: 6/6
  3800 | D:4      | XOM is BORED!
  3800 | D:4      | XOM: give mutations
  3800 | D:4      | Gained mutation: You are partially covered in iridescent
                  | scales. (AC +2) [Xom's mischief]
  3800 | D:4      | Gained mutation: You have supernaturally acute eyesight.
                  | (SInv) [Xom's mischief]
  3800 | D:4      | Gained mutation: You occasionally shout uncontrollably at
                  | your foes. [Xom's mischief]
  3800 | D:4      | Lost mutation: You are partially covered in iridescent
                  | scales. (AC +2) [Xom's mischief]
  3947 | D:4      | Reached skill level 5 in Polearms
  4208 | D:4      | XOM: cloud trail
  4275 | D:5      | Entered Level 5 of the Dungeon
  4283 | D:5      | XOM: summons friendly ufetubus
  4284 | D:5      | XOM: scenery: create altars
  4689 | D:5      | Reached XP level 7. HP: 53/57 MP: 7/7
  4817 | D:5      | Noticed Edmund
  4838 | D:5      | Killed Edmund
  4867 | D:4      | XOM: draining
  5132 | D:5      | Found a shimmering altar of Xom.
  5142 | D:5      | XOM: polymorph orc -> adder
  5147 | D:5      | Reached skill level 2 in Maces & Flails
  5148 | D:5      | XOM: 3-stop teleportation journey
  5267 | D:5      | XOM: divination: magic mapping
  5280 | D:5      | Reached skill level 3 in Maces & Flails
  5332 | D:5      | XOM: 1-stop teleportation journey
  5354 | D:5      | Reached XP level 8. HP: 61/66 MP: 8/8
  5643 | D:5      | Reached skill level 4 in Maces & Flails
  5859 | D:5      | Found a sparkling altar of Nemelex Xobeh.
  5927 | D:6      | Noticed Pikel
  5935 | D:5      | Reached skill level 5 in Maces & Flails
  6018 | D:6      | XOM: god gift: 5 stones
  6223 | D:6      | Killed Pikel
  6224 | D:6      | Reached skill level 8 in Maces & Flails
  6239 | D:6      | Found a white marble altar of Elyvilon.
  6266 | D:6      | XOM: summons 4 hostile shadow creatures
  6406 | D:6      | XOM: god gift: 2 lumpy grey potions {god gift}
  6424 | D:6      | XOM: give mutations
  6424 | D:6      | Gained mutation: You possess an exceptional clarity of
                  | mind. [Xom's grace]
  6424 | D:6      | Gained mutation: You are somewhat resistant to further
                  | mutation. [Xom's grace]
  6469 | D:6      | Reached XP level 9. HP: 71/71 MP: 9/9
  6622 | D:6      | Reached skill level 9 in Maces & Flails
  6755 | D:6      | Found a shimmering altar of Xom.
  6875 | D:6      | XOM: summons 4 hostile demons
  6884 | D:6      | XOM: stat loss: -1 Str (18/19)
  7173 | D:6      | Found a staircase to the Ecumenical Temple.
  7182 | Temple   | Entered the Ecumenical Temple
  7244 | Temple   | XOM is BORED!
  7268 | Temple   | XOM: noise
  7483 | D:7      | Reached skill level 10 in Maces & Flails
  7635 | D:7      | XOM: confuse monster(s)
  7679 | D:7      | Reached skill level 11 in Maces & Flails
  7784 | D:7      | XOM: divination: detect items
  7879 | D:7      | Reached skill level 5 in Fighting
  8047 | D:7      | XOM: silly message
  8072 | D:7      | XOM: cloud trail
  8113 | D:7      | Found an ancient bone altar of Kikubaaqudgha.
  8130 | D:7      | Reached XP level 10. HP: 83/83 MP: 10/10
  8146 | D:7      | XOM: confuse monster(s)
  8606 | D:7      | Found an ornate altar of the Wu Jian Council.
  8657 | D:7      | XOM: cloud trail
  8801 | D:8      | XOM: polymorph yak -> komodo dragon
  8806 | D:8      | XOM: cast spell 'Alistair's Intoxication'
  8815 | D:8      | XOM: silly message
  8875 | D:8      | XOM: 3-stop teleportation journey
  9033 | D:8      | XOM: 2-stop teleportation journey
  9038 | D:8      | XOM: cast spell 'Summon Mana Viper'
  9045 | D:8      | Noticed a manticore
  9061 | D:8      | Killed a manticore
  9266 | D:8      | XOM: god gift: coppery potion {god gift}
  9611 | D:8      | Reached skill level 5 in Armour
  9628 | D:8      | XOM: 1-stop teleportation journey
  9649 | D:8      | XOM: god gift: 5 stones
  9692 | D:8      | XOM: cloud trail
  9699 | D:8      | XOM: cast spell 'Statue Form'
 10185 | D:8      | XOM: enchant monster (bad)
 10241 | D:8      | Reached skill level 1 in Evocations
 10244 | D:8      | Found a shimmering blue altar of Sif Muna.
 10302 | D:8      | XOM: potion effect (haste)
 10314 | D:8      | XOM: enchant monster (good)
 10415 | D:9      | XOM is BORED!
 10415 | D:9      | Found a shimmering altar of Xom.
 10415 | D:9      | XOM: 1-stop teleportation journey
 10444 | D:9      | Reached XP level 11. HP: 86/97 MP: 11/11
 10460 | D:9      | Reached skill level 5 in Evocations
 10542 | D:9      | Found the +7 mace of Variability {chain chaos}
 10660 | D:9      | XOM: cast spell 'Summon Cactus Giant'
 10719 | D:9      | Found a flagged portal.
 10856 | D:9      | XOM: divination: magic mapping
 10875 | D:9      | Noticed a two-headed ogre
 10878 | D:9      | XOM: cast spell 'Summon Cactus Giant'
 10884 | D:9      | Killed a two-headed ogre
 11010 | D:9      | XOM: enchant monster (good)
 11060 | D:9      | Found a staircase to the Orcish Mines.
 11181 | D:9      | XOM: divination: detect creatures
 11452 | D:9      | XOM: blink monster(s)
 11857 | D:9      | XOM: scenery: 1 doors close
 11925 | D:9      | XOM: butterfly on damage
 12147 | D:10     | Entered Level 10 of the Dungeon
 12221 | D:10     | Noticed a two-headed ogre
 12237 | D:10     | Killed a two-headed ogre
 12324 | D:10     | Found a bloodstained altar of Trog.
 12690 | D:10     | XOM: cast spell 'Monstrous Menagerie'
 12785 | D:10     | Reached skill level 10 in Evocations
 12794 | D:10     | Paralysed by a hornet for 2 turns
 12799 | D:10     | Paralysed by a hornet for 3 turns
 12880 | D:10     | XOM: god gift: 422 gold pieces
 13155 | D:10     | XOM: polymorph wyvern -> bullfrog
 13173 | D:10     | XOM: summons 11 friendly demons
 13250 | D:10     | Reached XP level 12. HP: 100/104 MP: 12/12
 13365 | D:10     | Found a staircase to the Lair.
 13491 | D:11     | Noticed a two-headed ogre
 13504 | D:11     | Killed a two-headed ogre
 13524 | D:11     | Noticed a two-headed ogre
 13539 | D:11     | Found a flickering gateway to a bazaar.
 13548 | Bazaar   | Entered a bazaar
 13548 | Bazaar   | Found Ymuf's Book Emporium.
 13548 | Bazaar   | Found Jupt's Armour Shoppe.
 13548 | Bazaar   | Found Yse Kuq's Antique Armour Shoppe.
 13548 | Bazaar   | Found Qaag's General Store.
 13548 | Bazaar   | Found Nezewkap's Jewellery Shoppe.
 13763 | Bazaar   | XOM: stat loss: -1 Str (19/20)
 13774 | Bazaar   | Bought a manual of Maces & Flails for 960 gold pieces
 13777 | Bazaar   | XOM: 2-stop teleportation journey
 13782 | Bazaar   | Bought a potion of might for 40 gold pieces
 13782 | Bazaar   | Bought a potion of berserk rage for 50 gold pieces
 13782 | Bazaar   | Bought a potion of cancellation for 80 gold pieces
 13894 | D:11     | Noticed a boulder beetle
 13904 | D:11     | XOM: smoke on damage
 13905 | D:11     | Xom revived you
 13912 | D:11     | Killed a boulder beetle
 13913 | D:11     | Reached skill level 12 in Maces & Flails
 13997 | D:11     | XOM: scenery: summon butterflies
 14064 | D:11     | XOM: cloud trail
 14124 | D:11     | Killed a two-headed ogre
 14296 | D:11     | XOM: smoke on damage
 14374 | D:11     | XOM: scenery: create altars
 14720 | D:11     | XOM: divination: detect creatures
 14759 | D:11     | Noticed Snorg
 14761 | D:11     | XOM: chaos cloud
 14780 | D:11     | Killed Snorg
 14781 | D:11     | Reached skill level 13 in Maces & Flails
 15204 | D:11     | XOM: cast spell 'Olgreb's Toxic Radiance'
 15252 | D:11     | XOM: give mutations
 15252 | D:11     | Gained mutation: Your body sometimes deteriorates upon
                  | taking damage. [Xom's mischief]
 15252 | D:11     | Gained mutation: Your mind is acute. (Int +4, Str/Dex-1)
                  | [Xom's mischief]
 15252 | D:11     | Lost mutation: You occasionally shout uncontrollably at
                  | your foes. [Xom's mischief]
 15697 | Lair:1   | Entered Level 1 of the Lair of Beasts
 15701 | Lair:1   | XOM: 2-stop teleportation journey
 15706 | Lair:1   | XOM: enchant monster (bad)
 15710 | Lair:1   | XOM: give mutations
 15710 | Lair:1   | Lost mutation: You are somewhat resistant to further
                  | mutation. [Xom's grace]
 15710 | Lair:1   | Gained mutation: You have hidden genetic potential. [Xom's
                  | grace]
 15710 | Lair:1   | Gained mutation: You have a somewhat thin skeletal
                  | structure. (Dex +2, Stealth+) [Xom's grace]
 15710 | Lair:1   | Gained mutation: You have a pair of small horns on your
                  | head. [Xom's grace]
 15710 | Lair:1   | Gained mutation: You have great hidden genetic potential.
                  | [Xom's grace]
 15711 | Lair:1   | XOM: destruction
 15713 | Lair:1   | XOM: divination: detect creatures
 15716 | Lair:1   | XOM: smoke on damage
 15723 | Lair:1   | XOM: summons 12 friendly demons
 15724 | Lair:1   | Reached skill level 14 in Maces & Flails
 15905 | Lair:1   | XOM: destruction
 15906 | Lair:1   | XOM: destruction
 15908 | Lair:1   | XOM: summons 10 friendly demons
 15939 | Lair:1   | XOM: polymorph crimson imp -> iron imp
 15983 | Lair:1   | XOM: confuse monster(s)
 15990 | Lair:1   | Reached skill level 15 in Maces & Flails
 16025 | Lair:1   | XOM: silly message
 16190 | Lair:1   | XOM: give mutations
 16190 | Lair:1   | Gained mutation: Armour fits poorly on your strangely
                  | shaped body. [Xom's mischief]
 16190 | Lair:1   | Gained mutation: You are clumsy. (Dex -2) [Xom's mischief]
 16444 | Lair:1   | XOM: divination: detect items
 16451 | Lair:1   | Reached skill level 16 in Maces & Flails
 16655 | Lair:1   | XOM: 1-stop teleportation journey
 16714 | Lair:1   | Noticed Maggie
 16729 | Lair:1   | XOM: confuse monster(s)
 16731 | Lair:1   | Killed Maggie
 16908 | Lair:1   | XOM: god gift: runed leather armour {god gift}
 16949 | Lair:1   | XOM: scenery: create altars
 17122 | Lair:1   | XOM: silly message
 17207 | Lair:2   | XOM: enchant monster (good)
 17212 | Lair:2   | XOM: summons friendly quasit
 17290 | Lair:2   | Reached skill level 17 in Maces & Flails
 17329 | Lair:2   | XOM: polymorph cane toad -> human
 17401 | Lair:2   | Noticed an eight-headed hydra
 17406 | Lair:2   | XOM: enchant monster (good)
 17408 | Lair:2   | Slain by an eight-headed hydra

Illustrated notes

Levels and vault maps discovered:
D:1:      dpeg_arrival_castle, layout_basic, serial_shops, shop_coins
D:2:      layout_rooms, basic_altar, chequers_serial_rivers_large_b
D:3:      layout_basic, ebering_ecumenical_altar_sacrificial,
          pf_guarded_unrand_delatra
D:4:      layout_rooms
D:5:      layout_loops_ring, mainiacjoe_overflow_boulevard,
          chequers_serial_rivers_small_3, serial_bayou_pond_c,
          minmay_ruined_shrine, uniq_edmund
D:6:      layout_loops_ring, mainiacjoe_overflow_catch_the_wave,
          lemuel_temple_firewalk_b, hangedman_abyss_or_decor_passed,
          grunt_ministairs_8, uniq_pikel
D:7:      layout_layer_cave, nzn_wu_jian_contemplation, old_standard_altar,
          minmay_ruffians
D:8:      minmay_curly_fans, layout_loops_ring, tgw_sif
D:9:      layout_basic, erik_orc_2, enter_bailey_8,
          minmay_guarded_unrand_variability
D:10:     layout_rooms, lemuel_doored_altar, erik_lair_dragon
D:11:     layout_basic, serial_shops, bzr_entry_water, uniq_snorg
Temple:   bh_familiar_temple
Lair:1:   layout_hall_layers, infiniplex_staircase_pool, uniq_maggie
Lair:2:   layout_long_grid

Skill      XL: |  1  2  3  4  5  6  7  8  9 10 11 12 |
---------------+-------------------------------------+-----
Axes           | 5 6 7 |  7.1
Polearms       | 1 3 5 6 |  6.9
Maces & Flails | 3 8 11 17 | 17.0
Fighting       | 6 9 |  9.0
Armour         | 6 |  6.1
Evocations     | 4 10 11 | 11.1
Dodging        | |  0.7

Action                   |  1- 3 |  4- 6 |  7- 9 | 10-12 || total
-------------------------+-------+-------+-------+-------++-------
Melee: Hand axe          |    19 |       |       |       ||    19
       Punch             |     1 |     1 |       |       ||     2
       War axe           |    69 |    27 |       |       ||    96
       Spear             |       |   109 |    26 |       ||   135
       Dire flail        |       |       |   279 |   513 ||   792
       Headbutt          |       |       |       |    18 ||    18
       Great mace        |       |       |       |    15 ||    15
       Unarmed           |       |       |       |    10 ||    10
Throw: Stone             |       |    33 |     9 |     8 ||    50
       Dart              |       |       |       |    31 ||    31
Evoke: Piece from Xom's  |    17 |     1 |       |     1 ||    19
       Wand              |       |       |     2 |    32 ||    34
  Use: Scroll            |     5 |     4 |    10 |    14 ||    33
       Potion            |       |       |     4 |    10 ||    14
 Stab: Paralysed         |     2 |     1 |       |       ||     3
       Confused          |       |       |       |     2 ||     2
       Petrifying        |       |       |       |     1 ||     1
Armor: Leather armour    |    33 |    26 |       |       ||    59
       Plate armour      |       |    23 |   221 |   263 ||   507
       Skin              |       |       |       |     7 ||     7
Dodge: Dodged            |    54 |    46 |    83 |   141 ||   324

Table legend: (Time is in decaauts)
 A = Elapsed time spent in this place.
 B = Non-inter-level travel time spent in this place.
 C = Inter-level travel time spent in this place.
 D = Time resting spent in this place.
 E = Time spent auto-exploring this place.
 F = Levels seen in this place.
 G = Mean time per level.
                   A        B        C        D        E       F      G
               +--------+--------+--------+--------+--------+-----+--------+
         Total |  17167 |  16681 |    486 |   4787 |   8569 |  15 | 1144.5 |
       Dungeon |  15064 |  14617 |    447 |   4274 |   7372 |  11 | 1369.5 |
        Temple |    188 |    162 |     26 |      0 |    145 |   1 |  188.0 |
          Lair |   1670 |   1657 |     13 |    513 |    837 |   2 |  835.0 |
        Bazaar |    244 |    244 |      0 |      0 |    214 |   1 |  244.0 |
               +--------+--------+--------+--------+--------+-----+--------+

Top non-repeatable levels by time:
    D:11: 1882 daAuts
     D:9: 1680 daAuts
     D:1: 1521 daAuts
  Lair:1: 1480 daAuts
     D:8: 1446 daAuts
    D:10: 1359 daAuts
     D:7: 1355 daAuts
     D:6: 1311 daAuts
     D:3: 1291 daAuts
     D:5: 1130 daAuts
     D:4: 1124 daAuts
     D:2: 960 daAuts
  Bazaar: 244 daAuts
  Lair:2: 189 daAuts
  Temple: 188 daAuts
